 Dungeon Crawl Stone Soup version 0.22-a0-580-gd5db89c (webtiles) character file.

76 galech the Skirmisher (level 4, 0/49 HPs)
             Began as an Ogre Berserker on July 2, 2018.
             Was a Believer of Trog.
             Slain by Grinder (6 damage)
             ... while paralysed by Grinder
             ... on level 3 of the Dungeon.
             The game lasted 00:01:58 (1738 turns).

galech the Skirmisher (Ogre Berserker)              Turns: 1738, Time: 00:01:59

Health: 0/49       AC:  3    Str: 22    XL:     4   Next: 32%
Magic:  4/4        EV:  1    Int:  8    God:    Trog [**....]
Gold:   73         SH:  0    Dex:  8    Spells: 3/3 levels left

rFire    . . .     SeeInvis .   a - +0 mace
rCold    . . .     Gourm    .   (no shield)
rNeg     . . .     Faith    .   b - +0 animal skin
rPois    .         Spirit   .   (helmet restricted)
rElec    .         Reflect  .   (no cloak)
rCorr    .         Harm     .   (gloves unavailable)
MR       .....                  (boots unavailable)
Stlth    +.........             j - amulet of regeneration
HPRegen  0.56/turn              (no ring)
MPRegen  0.09/turn              (no ring)

@: paralysed, berserk cooldown, slowed
A: large, unfitting armour, tough skin 1
a: Berserk, Trog's Hand, Renounce Religion


You were on level 3 of the Dungeon.
You worshipped Trog.
Trog was pleased with you.
You were hungry.

You visited 1 branch of the dungeon, and saw 3 of its levels.

You collected 73 gold pieces.

Inventory:

Hand Weapons
 a - a +0 mace (weapon)
Armour
 b - a +0 animal skin (worn)
Jewellery
 j - an amulet of regeneration (around neck)
Scrolls
 e - 2 scrolls of remove curse {unknown}
 f - 3 scrolls of identify {unknown}
 h - a scroll of immolation {unknown}
 i - a scroll of blinking {unknown}
 k - 2 scrolls of magic mapping {unknown}
 n - a scroll of fear {unknown}
Potions
 g - a potion of haste {unknown}
 l - a potion of curing {unknown}
 m - a potion of heal wounds {unknown}
Comestibles
 c - 8 rations
 d - 4 chunks of flesh


   Skills:
 + Level 4.8 Fighting
 + Level 3.7 Maces & Flails
 + Level 3.2 Dodging


You had 3 spell levels left.
You didn't know any spells.
Your spell library was empty.

Dungeon Overview and Level Annotations

Branches:
Dungeon (3/15)

Altars:
The Shining One

Annotations:
D:3 Grinder


Innate Abilities, Weirdness & Mutations

You are too large for most types of armour.
You have tough skin. (AC +1)


Message History

You feel a strong urge to attack something.
You are no longer berserk.
You are exhausted.
You feel yourself slow down.
You barely miss Grinder.
Grinder is moderately wounded.
Grinder gestures at you. Pain shoots through your body! Grinder hits you!
You hit Grinder.
Grinder is heavily wounded.
Grinder says, "At least Makhleb appreciates what I'm doing."
Grinder gestures at you.
You suddenly lose the ability to move!
Grinder hits you!
* * * LOW HITPOINT WARNING * * *
You writhe in agony.
* * * LOW HITPOINT WARNING * * *
Grinder gestures at you. You resist with significant effort. Grinder hits you.
You die...

########## ###
.........####.####
#.##.###.##......#######
#.##.# #.##.............
.....###.##....#.######
..##...........#@#
..##.###.##....5.#
.....###.####.####
.........# #+#
......#### รท.....#
......# .....## .>......


You could see Grinder.

Vanquished Creatures
  A hound zombie (D:2)
  A worm (D:2)
  3 dart slugs
  A leopard gecko (D:2)
  4 bats
  3 giant cockroaches
  7 goblins
  6 hobgoblins
  6 jackals (D:1)
  6 kobolds
  A quokka (D:1)
  3 frilled lizards
  9 rats
51 creatures vanquished.

Notes
Turn   | Place    | Note
-------+----------+-------------------------------------------
     0 | D:1      | galech the Ogre Berserker began the quest for the Orb.
     0 | D:1      | Reached XP level 1. HP: 24/24 MP: 1/1
   223 | D:1      | Reached XP level 2. HP: 23/32 MP: 2/2
   360 | D:1      | Found a glowing golden altar of the Shining One.
   713 | D:1      | Reached XP level 3. HP: 34/40 MP: 3/3
   875 | D:1      | Reached ** piety under Trog
  1151 | D:2      | Reached XP level 4. HP: 35/49 MP: 4/4
  1727 | D:3      | Noticed Grinder
  1736 | D:3      | Paralysed by Grinder for 5 turns
  1738 | D:3      | Slain by Grinder

Vault maps used:
D:1:      evilmike_arrival_hilbert_curve, tso_metal_star
D:2:      first_ration
D:3:      corexii_hall_statues_u, uniq_grinder

Skill      XL: |  1  2 |
---------------+-------+-----
Dodging        | 3 |  3.2
Maces & Flails | 3 |  3.7
Fighting       | |  4.8

Action                   |  1- 3 |  4- 6 || total
-------------------------+-------+-------++-------
Melee: Mace              |   107 |    43 ||   150
Invok: Berserk           |     1 |     1 ||     2
  Eat: Chunk             |     2 |     2 ||     4
Armor: Animal skin       |    36 |     8 ||    44
Dodge: Dodged            |    63 |    24 ||    87

Table legend:
 A = Spawn XP
 B = Non-spawn XP
 C = Spawn XP percentage of total XP
 D = Spawn monster count
 E = Non-spawn monster count
 F = Spawn count percentage of total count
 G = Total turns spent on level
                    A         B        C        D         E        F      G
               +---------+---------+-------+---------+---------+-------+---------
         Total |       0 |     109 |   0.0 |       0 |      51 |   0.0 |  1738
               +---------+---------+-------+---------+---------+-------+---------
           D:1 |       0 |      40 |   0.0 |       0 |      21 |   0.0 |   907
           D:2 |       0 |      62 |   0.0 |       0 |      24 |   0.0 |   620
           D:3 |       0 |       7 |   0.0 |       0 |       6 |   0.0 |   211
               +---------+---------+-------+---------+---------+-------+---------
